 Dungeon Crawl Stone Soup version 0.31-a0-574-g69dc8cc98e (webtiles) character file.

Game seed: 11920969194958501769

120789 NinjaNoafa the Grappler (level 16, -1/152 HPs)
             Began as a Naga Shapeshifter on Aug 17, 2023.
             Was the Champion of Qazlal.
             Slain by an ettin
             ... wielding a +0 great mace
              (7 damage)
             ... on level 15 of the Dungeon on Aug 18, 2023.
             The game lasted 01:18:13 (27880 turns).

NinjaNoafa the Grappler (Naga Shapeshifter)        Turns: 27880, Time: 01:18:13

Health: -1/152     AC: 36    Str: 24    XL:     16   Next: 83%
Magic:  24/24      EV:  7    Int: 10    God:    Qazlal [******]
Gold:   1336       SH:  8    Dex: 14    Spells: 15/15 levels left

rFire   + .          .
                       - Unarmed
rCold   + . .        (shield currently unavailable)
rNeg    + . .        M - +2 gold dragon scales
rPois   +            Z - +0 hat
rElec   +            h - +1 cloak
rCorr   .            I - +0 pair of gloves {Stlth+}
SInv    +            d - +3 barding of Absence {rElec rN+ Dex+2}
Will    ++...        l - amulet of faith
Stlth   x              - +5 ring of evasion
HPRegen 0.45/turn    n - +4 ring of slaying
MPRegen 0.19/turn

%: repel missiles, faith
@: flux-form, protected from physical damage, glowing, very slow
A: glow, contaminating, AC +5, large, see invisible, deformed body, poison
resistance, slowness 2, spit poison 1, naga tail 2
a: Spit Poison, Begin Untransformation, Renounce Religion, Upheaval, Elemental
Force, Disaster Area


You were on level 15 of the Dungeon.
You worshipped Qazlal.
Qazlal was exalted by your worship.
You were something dangerously unstable.
You visited 5 branches of the dungeon, and saw 24 of its levels.
You also visited: Ossuary, Bailey, Ice Cave and Volcano.

You collected 3045 gold pieces.
You spent 1709 gold pieces at shops.

Inventory:

Missiles
 J - 3 throwing nets
 K - 3 curare-tipped darts
 R - 10 javelins
 U - 22 boomerangs
 X - 10 atropa-tipped darts
Armour
 d - the +3 barding of Absence (worn) {rElec rN+ Dex+2}
   (You acquired it on level 4 of the Dungeon)

   Dex+2:     It affects your dexterity (+2).
   rElec:     It insulates you from electricity.
   rN+:       It protects you from negative energy.
 h - a +1 cloak (worn)
 I - a +0 pair of gloves of stealth (worn)
 M - +2 gold dragon scales (worn)
 Z - a +0 hat (worn)
Jewellery
 l - an amulet of faith (around neck)
 n - a +4 ring of slaying (right hand)
 o - a +6 ring of intelligence
 u - a ring of ice
 x - a +5 ring of evasion (left hand)
 L - a ring of flight
 O - a ring of protection from fire
 P - a ring of resist corrosion
 Q - a ring of positive energy
Talismans
 a - a flux talisman (active)
Wands
 g - a wand of charming (4)
 w - a wand of acid (5)
 y - a wand of flame (13)
 F - a wand of digging (12)
 H - a wand of mindburst (11)
 N - a wand of iceblast (25)
Scrolls
 b - a scroll of identify
 k - 5 scrolls of fear
 m - 6 scrolls of vulnerability
 q - 4 scrolls of teleportation
 v - 3 scrolls of fog
 G - a scroll of torment
Potions
 e - 3 potions of enlightenment
 f - 3 potions of brilliance
 i - 4 potions of mutation
 s - 2 potions of heal wounds
 t - 2 potions of invisibility
 z - a potion of degeneration
 A - 4 potions of magic
 B - 2 potions of cancellation
 C - 3 potions of ambrosia
 D - 10 potions of curing
 E - 5 potions of haste
 S - 5 potions of might
 T - 3 potions of resistance
 V - 3 potions of attraction
 Y - 8 potions of lignification
Miscellaneous
 c - a phial of floods


   Skills:
 - Level 12.0 Fighting
 - Level 12.0 Armour
 - Level 4.0 Dodging
 - Level 4.0 Stealth
 + Level 14.4 Unarmed Combat
 - Level 11.0 Invocations
 - Level 6.0 Evocations
 - Level 13.0 Shapeshifting


You had 15 spell levels left.
You didn't know any spells.
Your spell library contained the following spells:

 Spells                   Type           Power      Damage    Failure   Level
 Apportation              Tloc           0%         N/A       100%        1
 Freeze                   Ice            0%         1d3       100%        1
 Magic Dart               Conj           0%         1d3       100%        1
 Sandblast                Erth           0%         2d4       100%        1
 Slow                     Hex            0%         N/A       100%        1
 Call Imp                 Summ           0%         N/A       100%        2
 Passwall                 Tmut/Erth      0%         N/A       100%        2
 Searing Ray              Conj           0%         2d4       100%        2
 Call Canine Familiar     Summ           0%         N/A       100%        3
 Confusing Touch          Hex            0%         N/A       100%        3
 Dazzling Flash           Conj/Hex       0%         N/A       100%        3
 Frozen Ramparts          Ice            0%         1d1       100%        3
 Hailstorm                Conj/Ice       0%         3d3       100%        3
 Inner Flame              Hex/Fire       0%         N/A       100%        3
 Ozocubu's Armour         Ice            0%         N/A       100%        3
 Portal Projectile        Hex/Tloc       0%         N/A       100%        3
 Stone Arrow              Conj/Erth      0%         3d7       100%        3
 Volatile Blastmotes      Fire/Tloc      0%         2d10      100%        3
 Animate Armour           Summ/Erth      0%         N/A       100%        4
 Cause Fear               Hex            0%         N/A       100%        4
 Flame Wave               Conj/Fire      0%         2d4       100%        4
 Fulminant Prism          Conj/Hex       0%         3d5       100%        4
 Iskenderun's Mystic Bla  Conj/Tloc      0%         2d3       100%        4
 Leda's Liquefaction      Hex/Erth       0%         N/A       100%        4
 Manifold Assault         Tloc           0%         N/A       100%        4
 Sticky Flame             Conj/Fire      0%         2d3       100%        4
 Summon Lightning Spire   Summ/Air       0%         N/A       100%        4
 Agony                    Necr           0%         N/A       100%        5
 Alistair's Intoxication  Tmut/Pois      0%         N/A       100%        5
 Fireball                 Conj/Fire      0%         3d3       100%        5
 Lee's Rapid Deconstruct  Erth           0%         3d4*      100%        5
 Silence                  Hex/Air        0%         N/A       100%        5
 Summon Forest            Summ/Tloc      0%         N/A       100%        5
 Yara's Violent Unravell  Hex/Tmut       0%         3d3       100%        5
 Dispersal                Tloc           0%         N/A       100%        6
 Eringya's Noxious Bog    Tmut/Pois      0%         4d6       100%        6
 Leda's Unmaking          Conj/Erth      0%         9d1       100%        6
 Enfeeble                 Hex            0%         N/A       100%        7
 Haunt                    Necr/Summ      0%         N/A       100%        7
 Ozocubu's Refrigeration  Ice            0%         4d7       100%        7
 Summon Hydra             Summ           0%         N/A       100%        7
 Discord                  Hex            0%         N/A       100%        8
 Disjunction              Tloc           0%         N/A       100%        8
 Summon Horrible Things   Summ           0%         N/A       100%        8
 Dragon's Call            Summ           0%         N/A       100%        9


Dungeon Overview and Level Annotations

Branches:
Dungeon (15/15) Zot: 26615  Temple (1/1) D:7 Zot: 5972    Lair (5/5) D:11 Zot: 21041
 Shoals (0/4) Lair:3       Spider (1/4) Lair:3 Zot: 5995   Slime (0/5) Lair:4
    Orc (2/2) D:9 Zot: 9601     Elf (0/3) Orc:2        Vaults (0/5) D:13
Ossuary (visited)          Bailey (visited)           IceCv (visited)
Volcano (visited)
 Depths: D:15

Altars:
Ashenzari
Cheibriados
Dithmenos
Elyvilon
Gozag
Hepliaklqana
Kikubaaqudgha
Makhleb
Nemelex Xobeh
Okawaru
Qazlal
Ru
Sif Muna
Trog
Vehumet
Wu Jian
Xom
Zin
The Shining One
Jiyva

Shops:
D:2 [   D:3 (   D:7 [   Orc:2 :=([


Innate Abilities, Weirdness & Mutations

You are something dangerously unstable.
You glow with magical radiation, making you easy to see and hit.
Foes you strike become dangerously contaminated with magical radiation.
You are incapable of wielding weapons or throwing items.
Your serpentine skin is tough. (AC +5)
You have supernaturally acute eyesight. (SInv)
Armour fits poorly on your strangely shaped body.
Your system is resistant to poisons. (rPois)
You cover ground very slowly.
You can spit poison.
You can use your snake-like lower body to constrict enemies.


Message History

The orc sorcerer mumbles some strange words.
You regained 10 hp, and now have 41/152 hp.
Unknown command.
Unknown command.
You hear a shout! x2
You block the sun demon's attack. The crimson imp barely misses you.
The white imp is engulfed in freezing vapours.
The skeletal warrior hits you but does no damage.
The skeletal warrior is engulfed in blazing flames.
The skeletal warrior completely misses you.
The ettin hits you with a +0 great mace.
* * * LOW HITPOINT WARNING * * *
The ettin hits you with a +0 dire flail.
* * * LOW HITPOINT WARNING * * *
You feel more protected from physical attacks.
The sun demon hits you.
* * * LOW HITPOINT WARNING * * *
You are engulfed in flames!
You resist.
* * * LOW HITPOINT WARNING * * *
The tengu warrior hits you but does no damage.
The tengu warrior pecks you.
* * * LOW HITPOINT WARNING * * *
You block the tengu warrior's attack.
The crimson imp hits you but does no damage.
There is a stone staircase leading up, spattered with blood here.
You see here a +0 short sword.
You take 18 damage, and have 23/152 hp.
Unknown command.
Unknown command.
You block the skeletal warrior's attack.
The skeletal warrior hits you with a +0 dire flail!
* * * LOW HITPOINT WARNING * * *
You feel more protected from physical attacks.
You block the skeletal warrior's attack.
The skeletal warrior is engulfed in freezing vapours.
The skeletal warrior completely misses you.
The white imp is engulfed in freezing vapours.
The ettin hits you but does no damage.
The ettin hits you with a +0 dire flail!
You die...

........(....#
##..........# .
#...........# #.
##...........##
...#......#......#
.......p.####....#
..4...545.##......#
....[°zC35......5.§..
..o...○zBQ5..........
..z...zz.☼§..........
......°°..........#.#
.................## #
...(....#........#
........#.......
.............##.
....##.#....##


You could see an ettin, 5 skeletal warriors, a tengu warrior, a sun demon, an
ice devil, a wizard (invisible), a chaos spawn (summoned), an orc sorcerer, a
crimson imp (pursuing) and 3 white imps.

Vanquished Creatures
  Gastronok (D:8)
  A frost giant (IceCv)
  2 orc warlords (Orc:1)
  4 dire elephants (Lair:5)
  The ghost of Couk the Blocker, a journeyman MiFi of Okawaru (Lair:2)
  An ettin (Orc:1)
  Erolcha (D:10)
  5 hydras
  An ogre mage (Volcano)
  7 boulder beetles
  3 centaur warriors
  A death knight (D:15)
  The ghost of Pooter the Basher, a novice MiBe of Trog (D:10)
  13 two-headed ogres
  8 death yaks
  Urug (D:10)
  2 orc high priests
  A hell knight (Volcano)
  4 sun demons (D:9)
  A skyshark (Lair:4)
  Amaemon (D:10)
  2 skeletal warriors
  A sixfirhy (D:9)
  A sun moth (Lair:3)
  A spectral anaconda (Lair:5)
  An orb spider (Lair:3)
  A deep elf archer (D:13)
  2 lindwurms
  An obsidian statue (Lair:5)
  3 necromancers (Lair:5)
  4 orc knights
  5 deep elf pyromancers
  16 ugly things
  A manticore (D:11)
  6 orc sorcerers
  6 cyclopes
  A merfolk siren (Lair:3)
  10 elephants
  2 black mambas
  An ice statue (IceCv)
  2 molten gargoyles (Volcano)
  Maggie (D:9)
  2 orange demons
  2 gargoyles
  A torpor snail (Lair:2)
  A rust devil (D:9)
  2 centaur skeletons (D:13)
  Jeremiah (D:6)
  2 unseen horrors
  16 cane toads
  A dire elephant skeleton (Lair:5)
  3 kobold demonologists
  A freezing wraith (D:14)
  8 rime drakes
  5 komodo dragons
  An ice devil (D:9)
  A hellwing (D:9)
  2 red devils (D:9)
  6 polar bears
  A hornet (D:9)
  A merfolk (shapeshifter) (D:15)
  6 trolls
  17 blink frogs
  A tarantella (Lair:3)
  Prince Ribbit (D:7)
  A merfolk (Lair:3)
  A spectral elephant (Lair:5)
  4 dream sheep (Lair:5)
  7 slime creatures (D:14)
  A jumping spider (D:11)
  3 shadows
  A dire elephant simulacrum (Lair:5)
  A vampire (D:10)
  2 fire bats (Volcano)
  6 wyverns
  4 wraiths
  92 yaks
  A spriggan (Lair:3)
  2 chaos spawn (D:9)
  4 redbacks
  3 vampire mosquitoes (D:12)
  7 basilisks
  A neqoxec (D:9)
  2 steam dragons
  3 death yak simulacra (Lair:5)
  2 wargs
  3 acid dragons
  16 water moccasins
  35 orc warriors
  3 sky beasts
  28 wolves
  7 ogres
  2 black bears
  An elephant zombie (Lair:5)
  18 centaurs
  An elephant skeleton (Lair:5)
  Blork the orc (D:4)
  4 kobold brigands
  12 bullfrogs
  3 gnoll sergeants
  2 cane toad simulacra (Lair:5)
  2 elf skeletons (D:5)
  A water moccasin zombie (Ossuary)
  6 wights
  4 elephant simulacra (Lair:5)
  10 killer bees
  5 electric eels (Bailey)
  3 howler monkeys
  8 lava snakes
  4 centaur zombies (Ossuary)
  A human zombie (D:5)
  6 bullfrog zombies (Ossuary)
  17 jellies
  4 hounds
  4 iguanas
  22 orc priests
  3 gnoll boudas
  A sleepcap (D:6)
  29 orc wizards
  2 boggart skeletons (D:13)
  2 killer bee zombies (Ossuary)
  15 mummies (Ossuary)
  3 howler monkey zombies (Ossuary)
  9 adders
  31 gnolls
  A shadow imp (D:7)
  2 white imps
  4 worms
  2 dart slugs
  86 orcs
  4 bats
  6 endoplasms
  4 giant cockroaches (D:1)
  12 goblins
  14 hobgoblins
  14 kobolds
  5 quokkas
  5 ball pythons
  3 frilled lizards
  2 orc skeletons (D:5)
  An orc zombie (D:5)
  6 rats
857 creatures vanquished.

Vanquished Creatures (others)
  An orc sorcerer (Bailey)
  A centaur (D:8)
2 creatures vanquished.

Grand Total: 859 creatures vanquished

Notes
Turn   | Place    | Note
-------+----------+-------------------------------------------
     0 | D:1      | NinjaNoafa the Naga Shapeshifter began the quest for the
                  | Orb.
     0 | D:1      | Reached XP level 1. HP: 18/18 MP: 1/1
   166 | D:1      | Reached XP level 2. HP: 25/25 MP: 2/2
   526 | D:1      | Reached XP level 3. HP: 31/31 MP: 3/3
   637 | D:2      | Found a faded altar of an unknown god.
   796 | D:2      | Found Ishrynash's Armour Emporium.
  1077 | D:2      | Reached XP level 4. HP: 34/38 MP: 4/4
  1703 | D:3      | Found Moroshou's Weapon Shop.
  1709 | D:3      | Reached XP level 5. HP: 28/44 MP: 5/5
  2053 | D:4      | Reached skill level 5 in Shapeshifting
  2315 | D:3      | Reached XP level 6. HP: 5/51 MP: 6/6
  2520 | D:4      | Noticed a black bear
  2526 | D:4      | Killed a black bear
  2641 | D:4      | Found a bloodstained altar of Trog.
  2723 | D:4      | Noticed Blork the orc
  2729 | D:4      | Killed Blork the orc
  2730 | D:4      | Reached skill level 4 in Unarmed Combat
  2779 | D:4      | Reached XP level 7. HP: 57/57 MP: 7/7
  2952 | D:4      | Identified a scroll of acquirement
  2954 | D:4      | Acquired the +3 barding of Absence {rElec rN+ Dex+2}
  3403 | D:5      | Entered Level 5 of the Dungeon
  3429 | D:5      | Reached skill level 5 in Unarmed Combat
  3671 | D:5      | Reached skill level 6 in Unarmed Combat
  3690 | D:5      | Found a sand-covered staircase.
  3697 | Ossuary  | Entered an ossuary
  3746 | Ossuary  | Reached XP level 8. HP: 61/67 MP: 8/8
  3808 | Ossuary  | Reached skill level 7 in Unarmed Combat
  4271 | D:5      | Reached skill level 8 in Unarmed Combat
  4302 | D:5      | Reached XP level 9. HP: 54/78 MP: 9/9
  5229 | D:6      | Noticed Jeremiah
  5247 | D:6      | Killed Jeremiah
  5248 | D:6      | Reached skill level 9 in Unarmed Combat
  5523 | D:7      | Noticed Prince Ribbit
  5532 | D:7      | Killed Prince Ribbit
  5533 | D:7      | Reached skill level 5 in Fighting
  5896 | D:7      | Found Qabu Tyas's Armour Shop.
  5900 | D:7      | Found a staircase to the Ecumenical Temple.
  5909 | D:7      | Reached skill level 10 in Unarmed Combat
  5911 | D:7      | Reached XP level 10. HP: 65/87 MP: 10/10
  6129 | Temple   | Entered the Ecumenical Temple
  6139 | Temple   | Became a worshipper of Qazlal Stormbringer
  6249 | D:7      | Noticed a gargoyle
  6250 | D:7      | Found an opulent altar of Gozag.
  6250 | D:7      | Found an iron altar of Okawaru.
  6271 | D:7      | Killed a gargoyle
  6523 | D:8      | Noticed Gastronok
  6538 | D:8      | Killed Gastronok
  6883 | D:8      | Reached * piety under Qazlal
  7001 | D:8      | Found a flagged portal.
  7021 | Bailey   | Entered a bailey
  7199 | Bailey   | Reached skill level 1 in Stealth
  7239 | Bailey   | Reached skill level 1 in Evocations
  7329 | Bailey   | Reached skill level 1 in Armour
  7336 | Bailey   | Noticed a kobold demonologist
  7340 | Bailey   | Acquired 968 gold pieces
  7355 | Bailey   | Noticed an orange demon
  7359 | Bailey   | Noticed a rust devil
  7361 | Bailey   | Killed a kobold demonologist
  7447 | Bailey   | Noticed an orc knight
  7458 | Bailey   | Killed an orc knight
  7459 | Bailey   | Reached XP level 11. HP: 74/97 MP: 11/11
  7508 | Bailey   | Found an iron altar of Okawaru.
  7508 | Bailey   | Noticed an orc sorcerer
  7513 | Bailey   | Reached ** piety under Qazlal
  7533 | Bailey   | Killed an orc sorcerer
  7660 | Bailey   | Got the Omnibus of Beckoning
  7915 | D:7      | Bought +0 gold dragon scales for 800 gold pieces
  7929 | D:7      | Bought a +0 pair of gloves for 45 gold pieces
  9325 | D:9      | Noticed a sixfirhy
  9331 | D:9      | Killed a sixfirhy
  9392 | D:9      | Noticed a sun demon
  9397 | D:9      | Killed a sun demon
  9398 | D:9      | Reached skill level 11 in Unarmed Combat
  9440 | D:9      | Found a staircase to the Orcish Mines.
  9508 | D:9      | Noticed a sun demon
  9775 | D:9      | Killed a sun demon
  9867 | D:9      | Noticed a sun demon
  9870 | D:9      | Reached *** piety under Qazlal
  9870 | D:9      | Noticed Maggie
 10109 | D:9      | Killed Maggie
 10110 | D:9      | Reached skill level 1 in Invocations
 10110 | D:9      | Reached XP level 12. HP: 71/105 MP: 12/12
 10382 | D:9      | Killed a sun demon
 10535 | D:9      | Noticed a sun demon
 10545 | D:9      | Killed a sun demon
 10785 | D:9      | Identified the +4 ring mail of Unusel {Harm *Corrode Will+
                  | MP+9}
 10906 | D:10     | Entered Level 10 of the Dungeon
 11073 | D:10     | Noticed Erolcha
 11107 | D:10     | Killed Erolcha
 11108 | D:10     | Reached skill level 5 in Armour
 11222 | D:10     | Found a large runed translucent door.
 11223 | D:10     | Found a large runed translucent door.
 11225 | D:10     | Noticed Pooter's ghost (novice MiBe)
 11252 | D:10     | Noticed Urug
 11265 | D:10     | Killed Urug
 11315 | D:10     | Noticed Amaemon
 11334 | D:10     | Killed Amaemon
 11397 | D:10     | Reached **** piety under Qazlal
 12025 | D:10     | Noticed a two-headed ogre
 12032 | D:10     | Killed a two-headed ogre
 12034 | D:10     | Noticed a two-headed ogre
 12042 | D:10     | Killed a two-headed ogre
 12199 | D:11     | Found Aclesal's Distillery.
 12223 | D:11     | Bought 2 potions of might for 128 gold pieces
 12279 | D:11     | Noticed a two-headed ogre
 12288 | D:11     | Killed a two-headed ogre
 12372 | D:11     | Noticed a two-headed ogre
 12391 | D:11     | Killed a two-headed ogre
 12459 | D:11     | Found a staircase to the Lair.
 12471 | D:11     | Identified the +0 pair of boots "Joul Liu" {rF+ Int+7
                  | Slay+2 Stlth-}
 12497 | D:11     | Noticed a two-headed ogre
 12506 | D:11     | Killed a two-headed ogre
 12507 | D:11     | Gained mutation: You can use your snake-like lower body to
                  | constrict enemies. [Naga growth]
 12507 | D:11     | Reached XP level 13. HP: 68/114 MP: 15/15
 12511 | D:11     | You fall into a shaft and drop 1 floor!
 12841 | D:12     | Identified the +10 whip of the Dead {antimagic, rPois rC+
                  | rN+ Int+2}
 12922 | D:12     | Reached ***** piety under Qazlal
 12924 | D:12     | Reached skill level 5 in Invocations
 13441 | D:11     | Found a runed translucent door.
 13524 | D:11     | Identified the +5 whip "Fajeh" {venom, Str+3 Dex-5}
 13526 | D:11     | Found a runed translucent gate.
 13526 | D:11     | Found a runed translucent gate.
 13526 | D:11     | Found a runed translucent gate.
 13526 | D:11     | Found a runed translucent gate.
 13532 | D:11     | Found a runed translucent gate.
 13533 | D:11     | Found a runed translucent gate.
 13549 | D:11     | Reached skill level 10 in Armour
 13724 | D:8      | Reached skill level 12 in Unarmed Combat
 13860 | Lair:1   | Entered Level 1 of the Lair of Beasts
 13882 | Lair:1   | Reached skill level 10 in Shapeshifting
 14796 | Lair:2   | Found a runed translucent gate.
 14796 | Lair:2   | Found a runed translucent gate.
 14796 | Lair:2   | Found a runed translucent gate.
 14838 | Lair:2   | Noticed Couk's ghost (journeyman MiFi)
 15043 | Lair:2   | Reached XP level 14. HP: 120/121 MP: 19/19
 15075 | Lair:2   | Found a dark tunnel.
 15083 | Volcano  | Entered a volcano
 15097 | Volcano  | Reached ****** piety under Qazlal
 15392 | Volcano  | Found a bloodstained altar of Trog.
 15429 | Volcano  | Reached skill level 13 in Unarmed Combat
 16594 | D:10     | Killed Pooter's ghost
 16649 | D:11     | Bought a potion of heal wounds for 80 gold pieces
 16803 | Lair:3   | Found a hole to the Spider Nest.
 17168 | Lair:3   | Found a staircase to the Shoals.
 18743 | Lair:4   | Found a staircase to the Slime Pits.
 18796 | Lair:4   | Found a viscous altar of Jiyva.
 19010 | Lair:5   | Entered Level 5 of the Lair of Beasts
 19074 | Lair:4   | Reached XP level 15. HP: 122/132 MP: 21/21
 19745 | Orc:1    | Entered Level 1 of the Orcish Mines
 19747 | Orc:1    | Noticed an orc warlord
 19758 | D:9      | Reached skill level 5 in Evocations
 19896 | Orc:1    | Killed an orc warlord
 20509 | Lair:2   | Killed Couk's ghost
 20513 | Lair:2   | Identified the +8 war axe of Rusiomoh {heavy, rF+ MP+9}
 20839 | D:13     | Reached skill level 10 in Invocations
 20943 | D:13     | Identified the +0 ice dragon scales "Tethaw" {Drain rF-
                  | rC++ Str-4 Dex+8}
 21044 | D:13     | Found a frozen archway.
 21058 | IceCv    | Entered an ice cave
 21689 | IceCv    | Noticed a frost giant
 21735 | IceCv    | Killed a frost giant
 22313 | Lair:5   | Reached skill level 10 in Fighting
 22617 | Lair:5   | Reached XP level 16. HP: 135/146 MP: 24/24
 22671 | Lair:5   | Got the Dissertation on Fetching Support
 22846 | Lair:5   | HP: 7/147 [dire elephant (22)]
 23879 | D:13     | Found a gate to the Vaults.
 24368 | Spider:1 | Entered Level 1 of the Spider Nest
 24895 | D:11     | Bought a potion of curing for 48 gold pieces
 24895 | D:11     | Bought a potion of curing for 48 gold pieces
 24895 | D:11     | Bought a potion of curing for 48 gold pieces
 24895 | D:11     | Bought a potion of curing for 48 gold pieces
 24895 | D:11     | Bought a potion of curing for 48 gold pieces
 24895 | D:11     | Bought a potion of brilliance for 64 gold pieces
 24895 | D:11     | Bought a potion of lignification for 48 gold pieces
 24895 | D:11     | Bought 2 potions of ambrosia for 256 gold pieces
 24895 | D:11     | Bought a potion of lignification for 48 gold pieces
 25436 | Orc:2    | Entered Level 2 of the Orcish Mines
 25536 | Orc:2    | Upgraded the game from 0.31-a0-564-g3b7de120b3 to
                  | 0.31-a0-574-g69dc8cc98e
 25833 | Orc:2    | Found a staircase to the Elven Halls.
 26489 | Orc:2    | Found Ellia's Weapon Emporium.
 26489 | Orc:2    | Found Hakonuyth's Book Shoppe.
 26490 | Orc:2    | Found Heliesch's Jewellery Shoppe.
 26493 | Orc:2    | Found Naplooghi's Armour Emporium.
 27132 | D:14     | Reached skill level 14 in Unarmed Combat
 27199 | D:14     | Identified the +0 leather armour "Genwoimm" {Dex+3}
 27524 | D:15     | Entered Level 15 of the Dungeon
 27870 | D:15     | Identified the +3 ring mail "Fytibuac" {rC- Dex+3 Stlth+}
 27880 | D:15     | HP: 6/152 [skeletal warrior/+0 dire flail (17)]
 27880 | D:15     | Slain by an ettin

Illustrated notes

Levels and vault maps discovered:
D:1:      lightli_arrival_windingriver, layout_basic, st_stairs_14
D:2:      layout_loops_ring, serial_shops, shop,
          hellmonk_ecumenical_altar_pennies_from_heaven
D:3:      layout_loops_ring, serial_shops, nicolae_shop_bloodbath_and_beyond
D:4:      layout_basic, mainiacjoe_overflow_paths, hex_medium,
          minmay_fountain_box, minmay_starry_boxes, uniq_blork_the_orc
D:5:      layout_loops_ring, nicolae_ossuary_entry_catacombs,
          kennysheep_generic_room_16
D:6:      layout_gridville, st_stairs_9, uniq_jeremiah
D:7:      layout_rooms, nicolae_overflow_hidden_temple,
          minmay_temple_entry_statues_fountains, serial_shops, shop,
          minivault_22, uniq_prince_ribbit1
D:8:      layout_basic, enter_bailey_1, centaur_isle, uniq_gastronok
D:9:      layout_long_grid, orc_0_dummy, serial_demonic, serial_demonic_a,
          serial_demonic_f, serial_demonic_e, serial_demonic_f,
          serial_demonic_e, chequers_serial_rivers_micro_b, uniq_maggie
D:10:     layout_layer_cave, ebering_ghost_disaster_area, uniq_urug,
          uniq_erolcha, uniq_amaemon
D:11:     gammafunk_indiana_jones, layout_basic, minmay_lair_entry_grove,
          serial_shops, nicolae_shop_stone
D:12:     layout_gridville
D:13:     layout_loops_ring, hangedman_vaults_entry_quadrant_bands,
          portal_ice_cave_entry_pillars_2
D:14:     layout_irregular_city
D:15:     hangedman_depths_entry_civil_slaughter, layout_cave_pools,
          minmay_fire_ice_demons
Temple:   eino_temple_rhombus
Lair:1:   layout_gridlike, grunt_megastairs_1
Lair:2:   layout_gridlike, lightli_volcano_entry_magma_tube,
          gammafunk_ghost_hydra_chop, minivault_24, st_stairs_11,
          nzn_sisyphean_effort
Lair:3:   layout_cellular_growth, elwin_shoals_entry_rooms, dummy_spider_entry,
          wad_woods_03, lemuel_fruit_tree, serial_bayou_shore_a
Lair:4:   layout_gridlike, minmay_slime_entry_jelly_boxes, serial_bayou_ford_a,
          infiniplex_staircase_pool_2
Lair:5:   due_jungle_book, layout_regular_city
Spider:1: layout_spider_delve
Orc:1:    layout_caves, minmay_orc_barracks
Orc:2:    st_orc_mages, layout_caves

Skill      XL: |  1  2  3  4  5  6  7  8  9 10 11 12 13 14 15 16 |
---------------+-------------------------------------------------+-----
Shapeshifting  | 4 5 6 7 8 9 10 13 | 13.0
Unarmed Combat | 4 6 8 10 11 12 13 14 | 14.4
Fighting       | 3 5 6 8 10 12 | 12.0
Stealth        | 4 |  4.0
Evocations     | 2 4 6 |  6.0
Armour         | 2 4 9 10 11 12 | 12.0
Dodging        | 2 4 |  4.0
Invocations    | 1 3 7 9 11 | 11.0

Action                     |  1- 3 |  4- 6 |  7- 9 | 10-12 | 13-15 | 16-18 || total
---------------------------+-------+-------+-------+-------+-------+-------++-------
  Melee: Unarmed           |    66 |    90 |   369 |   557 |   945 |   475 ||  2502
         Punch             |     1 |     4 |       |       |       |       ||     5
         Constrict         |       |       |       |       |   237 |   107 ||   344
 Invoke: Upheaval          |       |       |       |       |     1 |       ||     1
Ability: Spit Poison       |    28 |    20 |    36 |    64 |    81 |    28 ||   257
  Evoke: Wand              |       |       |     2 |    19 |    10 |     5 ||    36
    Use: Potion            |       |     1 |     3 |     4 |     1 |     7 ||    16
         Scroll            |       |       |    10 |    15 |     8 |     6 ||    39
   Stab: Sleeping          |       |     1 |       |       |       |       ||     1
         Confused          |       |       |       |     1 |       |     1 ||     2
 Armour: Animal skin       |     7 |    39 |     4 |       |       |       ||    50
         Skin              |       |     5 |     3 |       |       |       ||     8
         Ring mail         |       |       |   136 |    97 |       |       ||   233
         Scale mail        |       |       |    59 |     9 |       |       ||    68
         Gold dragon scale |       |       |       |   307 |   869 |   384 ||  1560
  Dodge: Dodged            |    37 |    48 |   207 |   258 |   301 |   146 ||   997
         Repelled          |       |       |       |       |     7 |     3 ||    10
  Block: Other             |       |       |       |    72 |   455 |   221 ||   748
         Form:             |       |     1 |     1 |       |       |       ||     2
         Flux              |       |     1 |     1 |     1 |     1 |       ||     4
         Beast             |       |       |     1 |     1 |       |       ||     2
         Maw               |       |       |       |       |     1 |       ||     1

Table legend: (Time is in decaauts)
 A = Elapsed time spent in this place.
 B = Non-inter-level travel time spent in this place.
 C = Inter-level travel time spent in this place.
 D = Time resting spent in this place.
 E = Time spent auto-exploring this place.
 F = Levels seen in this place.
 G = Mean time per level.
                   A        B        C        D        E       F      G
               +--------+--------+--------+--------+--------+-----+--------+
         Total |  34745 |  30921 |   3824 |   5516 |  18143 |  28 | 1240.9 |
       Dungeon |  19846 |  17404 |   2442 |   3301 |  10087 |  15 | 1323.1 |
        Temple |     28 |     15 |     13 |      0 |      0 |   1 |   28.0 |
          Lair |   8958 |   7877 |   1081 |   1213 |   5057 |   5 | 1791.6 |
   Spider Nest |      4 |      4 |      0 |      0 |      0 |   1 |    4.0 |
  Orcish Mines |   2398 |   2112 |    286 |    322 |   1185 |   2 | 1199.0 |
       Ossuary |    506 |    506 |      0 |     99 |    158 |   1 |  506.0 |
        Bailey |    978 |    978 |      0 |    212 |    539 |   1 |  978.0 |
      Ice Cave |   1063 |   1063 |      0 |    207 |    481 |   1 | 1063.0 |
       Volcano |    961 |    961 |      0 |    161 |    633 |   1 |  961.0 |
               +--------+--------+--------+--------+--------+-----+--------+

Top non-repeatable levels by time:
     D:8: 2651 daAuts
  Lair:5: 2378 daAuts
  Lair:3: 2375 daAuts
     D:9: 2175 daAuts
    D:10: 1887 daAuts
    D:11: 1537 daAuts
  Lair:2: 1500 daAuts
  Lair:1: 1483 daAuts
   Orc:1: 1423 daAuts
    D:14: 1274 daAuts
     D:4: 1267 daAuts
     D:5: 1235 daAuts
     D:3: 1222 daAuts
     D:7: 1220 daAuts
  Lair:4: 1220 daAuts
